Map: Ruins of Seras

Players

Miltreta

  • Race: Terran Terran
  • League: Bronze

Halepeanyo - Winner!

  • Race: Protoss Protoss
  • League: Silver

VOD

Have the link to the VOD?

Description

Time

  • Played on: March 14, 2016, 8:26 p.m.
  • Length: 10:26
Show
View Real Time Build Order
Export as new Build Order

Miltreta Terran 

Build Orders: Mech 

Get SALT Encoding   

  12  0:01  SCV  
  13  0:14  SCV  
  14  0:23  Supply Depot  
  14  0:27  SCV  
  15  0:38  Refinery  
  15  0:47  Barracks  
  15  0:54  SCV  
  16  1:02  Supply Depot  
  16  1:13  SCV  
  17  1:25  SCV  
  18  1:55  Marine  
  19  2:06  Barracks  
  19  2:13  Marine  
  20  2:19  Orbital Command  
  20  2:20  Command Center  
  20  2:42  Barracks Tech Lab  
  20  2:50  SCV  
  21  2:58  Refinery, Barracks Reactor  
  21  3:07  SCV  
  21  3:09  Factory  
  22  3:17  Marauder  
  24  3:27  SCV  
  25  3:37  Marine  
  25  3:38  Marine  
  25  3:39  Marauder  
  29  3:53  SCV  
  29  3:54  SCV  
  31  4:16  Barracks Tech Lab  
  31  4:28  Bunker  
  31  4:38  Stimpack  
  31  4:40  Marine x2  
  31  4:42  Marauder  
  35  4:51  Factory  
  35  4:54  Orbital Command  
  35  4:56  SCV  
  36  5:01  Siege Tank  
  36  5:05  Marauder  
  36  5:06  Marine x2  
  43  5:15  Supply Depot  
  43  5:17  Supply Depot  
  43  5:18  Supply Depot  
  43  5:21  Supply Depot  
  43  5:23  Engineering Bay  
  43  5:26  Starport  
  43  5:30  SCV x2  
  45  5:49  Marine x2  
  46  5:50  Marauder  
  46  5:51  Siege Tank  
  52  6:11  SCV x2  
  52  6:12  Refinery  
  54  6:20  Marine x2  
  54  6:21  Marauder  
  54  6:24  Factory Tech Lab  
  58  6:43  SCV x2  
  60  6:47  Starport Reactor  
  60  6:55  Armory  
  60  6:59  Cyclone  
  63  7:08  SCV x2  
  65  7:09  Refinery  
  65  7:10  Marine x2  
  67  7:23  Barracks  
  67  7:32  Factory  
  67  7:34  SCV x2  
  67  7:35  Barracks  
  69  7:42  Command Center  
  69  7:48  Medivac x2  
  73  8:01  Marine  
  73  8:02  Marine  
  73  8:03  Marauder  
  77  8:12  Siege Tank  
  80  8:16  Liberator x2  
  80  8:18  Supply Depot  
  80  8:20  Supply Depot  
  86  8:36  Barracks Tech Lab  
  86  8:37  Barracks Tech Lab  
  86  8:39  Factory Tech Lab  
  57  9:35  Marine x2  
  53  10:01  SCV x2  
Show
View Real Time Build Order
Export as new Build Order

Halepeanyo Protoss - Winner!

Build Orders:  

Get SALT Encoding   

  12  0:01  Probe (Chrono Boost)  
  13  0:18  Probe (Chrono Boost), Pylon  
  14  0:29  Probe (Chrono Boost)  
  15  0:39  Probe (Chrono Boost)  
  15  0:40  Gateway  
  17  0:50  Probe (Chrono Boost)  
  17  0:55  Assimilator  
  17  0:59  Assimilator  
  17  1:00  Probe (Chrono Boost)  
  18  1:09  Pylon  
  18  1:11  Probe (Chrono Boost)  
  19  1:21  Probe (Chrono Boost)  
  20  1:29  Cybernetics Core  
  20  1:32  Zealot  
  22  1:35  Probe (Chrono Boost)  
  23  1:46  Probe (Chrono Boost)  
  24  2:07  Mothership Core (Chrono Boost)  
  26  2:10  Warp Gate  
  26  2:19  Nexus  
  26  2:25  Probe (Chrono Boost)  
  27  2:30  Adept  
  29  2:41  Probe (Chrono Boost)  
  30  2:52  Robotics Facility  
  30  2:59  Pylon  
  30  3:17  Probe (Chrono Boost), Adept, Pylon  
  33  3:28  Probe (Chrono Boost)  
  33  3:29  Gateway  
  33  3:32  Probe (Chrono Boost)  
  35  3:40  Probe (Chrono Boost)  
  37  3:41  Observer  
  37  3:42  Probe (Chrono Boost)  
  38  3:50  Probe (Chrono Boost)  
  38  3:51  Gateway  
  40  3:55  Probe (Chrono Boost)  
  40  4:02  Probe (Chrono Boost)  
  41  4:06  Probe (Chrono Boost)  
  42  4:10  Assimilator  
  42  4:12  Observer, Probe (Chrono Boost)  
  42  4:16  Probe (Chrono Boost)  
  45  4:23  Probe (Chrono Boost), Pylon  
  46  4:31  Robotics Bay  
  46  4:32  Pylon  
  46  4:33  Probe (Chrono Boost)  
  47  4:41  Adept x2  
  47  4:44  Probe x2 (Chrono Boost)  
  53  4:53  Twilight Council  
  53  4:54  Probe x2 (Chrono Boost)  
  53  4:56  Adept  
  57  5:06  Immortal (Chrono Boost)  
  61  5:09  Probe  
  61  5:10  Probe  
  63  5:16  Adept, Stalker  
  63  5:19  Probe  
  68  5:23  Probe  
  68  5:24  Stalker  
  71  5:30  Probe  
  71  5:31  Gravitic Drive  
  71  5:35  Probe  
  73  5:36  Resonating Glaives  
  73  5:42  Adept x2  
  77  5:49  Pylon  
  77  5:50  Assimilator  
  77  6:01  Nexus  
  77  6:02  Pylon  
  77  6:07  Stalker  
  77  6:08  Stalker  
  81  6:26  Pylon  
  81  6:31  Adept x2  
  85  6:45  Stalker  
  87  6:59  Disruptor (Chrono Boost)  
  90  7:05  Adept x2  
  94  7:15  Forge  
  94  7:17  Gateway  
  94  7:20  Gateway  
  94  7:22  Pylon  
  94  7:34  Nexus  
  94  7:39  Probe, Pylon  
  94  7:40  Probe, Disruptor (Chrono Boost)  
  94  7:42  Pylon  
  99  7:49  Gateway  
  99  7:51  Blink  
  99  7:52  Protoss Ground Armor Level 1 (Chrono Boost)  
  99  7:53  Gateway x2  
  99  7:57  Adept x3  
  105  8:13  Warp Prism  
  107  8:24  Pylon  
  107  8:33  Stalker  
  107  8:34  Stalker x4  
  113  8:37  Nexus  
  113  8:38  Pylon  
  117  8:44  Pylon  
  117  9:05  Zealot x4  
  117  9:06  Zealot  
  117  9:54  Zealot  
  113  10:09  Adept x2  
  113  10:10  Adept x2  
  121  10:22  Stalker  
Tags
 
Add a new tag
Caveats
  • Supply blocks, unpowered buildings, or Contaminate may cause inaccurate times.
  • Supply counts are checked every 10 seconds.